 Dungeon Crawl Stone Soup version 0.29-a0-275-g389c0b56f3 (webtiles) character file.

Game seed: 13017094468134516249

669 PaleWalker the Insei (level 7, -8/56 HPs)
             Began as a Human Monk on Mar 11, 2022.
             Was a Priest of Wu Jian.
             Mangled by an orc warrior
             ... wielding a +0 dire flail
              (19 damage)
             ... on level 3 of the Dungeon.
             The game lasted 00:19:23 (5830 turns).

PaleWalker the Insei (Human Monk)                   Turns: 5830, Time: 00:19:23

Health: -8/56      AC:  5    Str: 14    XL:     7   Next: 89%
Magic:  10/10      EV: 12    Int: 10    God:    Wu Jian [***...]
Gold:   113        SH:  0    Dex: 13    Spells: 11/11 levels left

rFire   . . .      SeeInvis .     - Unarmed
rCold   . . .      Faith    .   (no shield)
rNeg    + . .      Spirit   .   d - +0 leather armour
rPois   .          Reflect  .   u - +0 helmet "Baatsik" {rN+ Will++ Dex-2}
rElec   .          Harm     .   h - +0 cloak
rCorr   .          Rampage  .   (no gloves)
Will    ++...                   (no boots)
Stlth   ++........              (no amulet)
HPRegen 0.18/turn               (no ring)
MPRegen 0.12/turn               (no ring)

@: no status effects
A: no striking features
a: Renounce Religion, Wall Jump, Serpent's Lash


You were on level 3 of the Dungeon.
You worshipped Wu Jian.
Wu Jian was most pleased with you.
You visited 1 branch of the dungeon, and saw 4 of its levels.
You also visited: Ossuary.

You collected 113 gold pieces.

Inventory:

Hand Weapons
 s - a +2 hunting sling of freezing
Missiles
 o - a throwing net
Armour
 a - a +0 robe
 d - a +0 leather armour (worn)
 h - a +0 cloak (worn)
 p - a +0 chain mail
 u - the +0 helmet "Baatsik" (worn) {rN+ Will++ Dex-2}
   (You took it off Robin on level 3 of the Dungeon)

   Dex:       It affects your dexterity (-2).
   rN:        It protects you from negative energy.
   Will:      It greatly increases your willpower.
Wands
 r - a wand of polymorph (22)
Scrolls
 b - a scroll of fog {unknown}
 f - 6 scrolls of identify {unknown}
 g - 2 scrolls of immolation
 j - a scroll of torment {unknown}
 k - 2 scrolls of noise {unknown}
 m - 3 scrolls of enchant weapon {unknown}
 n - a scroll of brand weapon {unknown}
 q - a scroll of blinking {unknown}
 x - a scroll of enchant armour {unknown}
Potions
 c - a potion of berserk rage {unknown}
 e - 4 potions of curing {unknown}
 i - a potion of magic {unknown}
 l - 3 potions of heal wounds {unknown}
 t - a potion of might {unknown}
 v - a potion of lignification {unknown}
 w - 2 potions of mutation {unknown}
 z - a potion of haste {unknown}


   Skills:
 + Level 5.2 Fighting
 - Level 0.8 Slings
 - Level 3.0 Dodging
 - Level 2.0 Stealth
 * Level 6.5 Unarmed Combat
 + Level 2.6 Spellcasting


You had 11 spell levels left.
You didn't know any spells.
Your spell library contained the following spells:

 Spells                   Type           Power      Damage    Failure   Level
 Pain                     Necr           4%         1d4       36%         1
 Agony                    Necr           1%         N/A       100%        5
 Excruciating Wounds      Necr           0%         N/A       100%        5


Dungeon Overview and Level Annotations

Branches:
Dungeon (4/15)            Ossuary (visited)
 Temple: D:4-7

Altars:
Dithmenos
Elyvilon
Hepliaklqana
Wu Jian

Shops:
D:4 [


Message History

You hit the human zombie.
You destroy the human zombie!
The Council accepts your kill.
No target in view!
No target in view!
There is an open door here.
Done exploring.
There is an open door here.
There is a gate leading back out of this place here.
Welcome back to the Dungeon!
The orc warrior hits you with a +0 dire flail!
The orc closely misses you. The orc warrior barely misses you.
The orc hits you with a +0 whip.
There is a collapsed entrance, spattered with blood here.
You spin and attack the orc warrior.
You closely miss the orc warrior.
The orc warrior hits you with a +0 dire flail!
The orc hits you but does no damage.
You spin and attack the orc.
You punch the orc!
You kill the orc!
The Council accepts your kill.
You spin and attack the orc warrior.
You hit the orc warrior. Your punch misses the orc warrior.
The orc warrior is moderately wounded.
The orc warrior hits you with a +0 dire flail!
You spin and attack the orc repeatedly.
You hit the orc.
The orc is heavily wounded.
You hit the orc.
You kill the orc!
The Council accepts your kill.
There is a stone staircase leading up here.
The orc warrior hits you with a +0 dire flail!
* * * LOW HITPOINT WARNING * * *
You climb upwards.
There is a stone staircase leading down here.
You see here a +0 trident.
The orc warrior attacks as you move away!
The orc warrior hits you but does no damage.
The orc warrior attacks as you move away!
The orc warrior hits you with a +0 dire flail!!
You die...

#################
.....##.........#########
_.......#######.@o).>...#
....###.# #########.#
.....##.# #.# ⌠.......#
#.# ......#.# #.####
.._..##.## #....#
.........# ####### #..#.#
..#####..###.....# ##...#
.................# ##.##


You could see an orc warrior.

Vanquished Creatures
  2 elf zombies (Ossuary)
  A necrophage (D:4)
  2 centaur zombies (Ossuary)
  3 orc priests (D:4)
  A human zombie (Ossuary)
  Ijyb (D:3)
  An orc wizard (D:4)
  2 mummies (Ossuary)
  Robin (D:3)
  7 adders
  3 adder zombies (Ossuary)
  3 worms
  3 dart slugs
  7 orcs (D:4)
  9 bats
  4 endoplasms
  3 giant cockroaches
  13 goblins
  7 hobgoblins
  8 jackals
  3 quokkas
  9 ball pythons
  3 frilled lizards
  11 hobgoblin zombies (Ossuary)
  5 kobolds
  7 kobold zombies (Ossuary)
  8 orc zombies (Ossuary)
  7 rats
  2 rat zombies (Ossuary)
136 creatures vanquished.

Notes
Turn   | Place    | Note
-------+----------+-------------------------------------------
     0 | D:1      | PaleWalker the Human Monk began the quest for the Orb.
     0 | D:1      | Reached XP level 1. HP: 18/18 MP: 1/1
   119 | D:1      | Reached XP level 2. HP: 24/24 MP: 2/2
   229 | D:1      | Found a faded altar of an unknown god.
   680 | D:1      | Reached XP level 3. HP: 26/29 MP: 3/3
  1468 | D:2      | Reached skill level 4 in Unarmed Combat
  2087 | D:2      | Reached XP level 4. HP: 12/36 MP: 4/4
  2834 | D:2      | Reached XP level 5. HP: 38/42 MP: 5/5
  2904 | D:3      | Identified the +0 helmet "Baatsik" {rN+ Will++ Dex-2}
  2904 | D:3      | Noticed Robin
  3120 | D:3      | Noticed Ijyb
  3126 | D:3      | Killed Ijyb
  3127 | D:3      | Reached skill level 5 in Unarmed Combat
  3416 | D:3      | Killed Robin
  3764 | D:3      | Reached XP level 6. HP: 48/48 MP: 7/7
  3800 | D:3      | Found a runed translucent door.
  3801 | D:3      | Noticed Crazy Yiuf
  3825 | D:3      | Noticed Crazy Yiuf
  3825 | D:3      | Crazy Yiuf changed into Crazy Yiuf the quokka
  3827 | D:3      | Killed Crazy Yiuf the quokka
  3919 | D:3      | Found an ornate altar of the Wu Jian Council.
  3921 | D:3      | Found a hazy altar of Hepliaklqana.
  3921 | D:3      | Found a white marble altar of Elyvilon.
  3928 | D:3      | Became a worshipper of the Wu Jian Council
  3928 | D:3      | Reached * piety under Wu Jian
  3928 | D:3      | Reached ** piety under Wu Jian
  4269 | D:4      | Reached skill level 1 in Spellcasting
  4538 | D:4      | Identified the amulet "Ciuve" {Faith Str+4}
  4538 | D:4      | Noticed an orc warrior
  4559 | D:4      | Found a shadowy altar of Dithmenos.
  4597 | D:4      | Reached XP level 7. HP: 32/55 MP: 9/9
  4794 | D:4      | Found Geujolid's Antique Armour Boutique.
  4795 | D:4      | Found a sand-covered staircase.
  4805 | Ossuary  | Entered an ossuary
  4981 | Ossuary  | Reached skill level 6 in Unarmed Combat
  5157 | Ossuary  | Reached skill level 5 in Fighting
  5255 | Ossuary  | Reached *** piety under Wu Jian
  5830 | D:3      | Mangled by an orc warrior

Illustrated notes

Levels and vault maps discovered:
D:1:      dpeg_arrival_simpleton_a, layout_basic,
          hellmonk_ecumenical_altar_blasted
D:2:      layout_basic, supply_closet_lemuel, dreamdust_princess_bridge
D:3:      layout_loops_cross, grunt_temple_overflow_open,
          minmay_misc_feat_four_crosses, minmay_misc_feat_tiny,
          hangedman_decor_growths, uniq_robin, uniq_ijyb,
          uniq_crazy_yiuf_cottage
D:4:      layout_loops_ring, grunt_temple_overflow_opulence,
          mainiacjoe_overflow_alcove_4, nicolae_dithmenos_the_darkroom,
          lightli_ossuary_entry_decrepit_ruins, ebering_ghost_reflecting_pool,
          serial_shops, shop, uniq_blork_the_orc

Skill      XL: |  1  2  3  4  5  6  7 |
---------------+----------------------+-----
Unarmed Combat | 4 5 6 |  6.5
Fighting       | 4 5 |  5.2
Spellcasting   | 1 2 |  2.6
Slings         | |  0.8
Dodging        | |  3.0
Stealth        | |  2.0

Action                   |  1- 3 |  4- 6 |  7- 9 || total
-------------------------+-------+-------+-------++-------
Melee: Unarmed           |   166 |   169 |   204 ||   539
       Punch             |     5 |     7 |    14 ||    26
 Fire: Hunting sling     |       |    44 |       ||    44
Invok: Lunge             |       |     2 |    13 ||    15
       Whirlwind         |       |       |    48 ||    48
Evoke: Wand              |       |     1 |       ||     1
  Use: Potion            |       |     1 |       ||     1
 Stab: Sleeping          |     2 |       |     1 ||     3
       Distracted        |     1 |       |       ||     1
Armor: Robe              |     8 |       |       ||     8
       Leather armour    |    51 |    48 |    54 ||   153
       Skin              |       |     3 |       ||     3
Dodge: Dodged            |   115 |    78 |    78 ||   271

Table legend: (Time is in decaauts)
 A = Elapsed time spent in this place.
 B = Non-inter-level travel time spent in this place.
 C = Inter-level travel time spent in this place.
 D = Time resting spent in this place.
 E = Time spent auto-exploring this place.
 F = Levels seen in this place.
 G = Mean time per level.
                   A        B        C        D        E       F      G
               +--------+--------+--------+--------+--------+-----+--------+
         Total |   5806 |   5700 |    106 |    909 |   3257 |   5 | 1161.2 |
       Dungeon |   4814 |   4708 |    106 |    732 |   2970 |   4 | 1203.5 |
       Ossuary |    992 |    992 |      0 |    177 |    287 |   1 |  992.0 |
               +--------+--------+--------+--------+--------+-----+--------+

Top non-repeatable levels by time:
     D:2: 1514 daAuts
     D:1: 1432 daAuts
     D:3: 1241 daAuts
 Ossuary: 992 daAuts
     D:4: 627 daAuts
